 Dungeon Crawl Stone Soup version 0.17.1-3-g152610e (webtiles) character file.

389990 manyhoops the Sorcerer (level 22, -7/192 (195) HPs)
             Began as a Deep Elf Ice Elementalist on Apr 11, 2016.
             Was the Champion of Vehumet.
             Mangled by an azure jelly (15 damage)
             ... created by the royal jelly
             ... on level 5 of the Pits of Slime.
             The game lasted 07:54:49 (74958 turns).

manyhoops the Sorcerer (Deep Elf Ice Elementalist) Turns: 74958, Time: 07:54:49

HP:   -7/192 (195)  AC: 23    Str:  5    XL:     22   Next: 7%
MP:   11/63         EV:  2    Int: 37    God:    Vehumet [******]
Gold: 1153          SH: 16    Dex: 15    Spells: 13 memorised, 17 levels left

rFire  . . .     SeeInvis .     P - staff of cold
rCold  + . .     Clarity  .     (armour currently unavailable)
rNeg   + + +     SustAt   .     (no shield)
rPois  +         Gourm    .     (helmet currently unavailable)
rElec  .         Spirit   .     (cloak currently unavailable)
rCorr  +         Warding  .     (gloves currently unavailable)
rMut   .         NoTele   +     (boots currently unavailable)
MR     ++...                    d - amulet of resist corrosion
Stlth  +++++++++.               N - ring of magical power
                                A - +6 ring of intelligence

@: tree-form, icy shield, corroded equipment, very slightly contaminated, very
resistant to hostile enchantments, incredibly stealthy
A: (yellow scales 0), breathe flames 1, (fire resistance 0), robust 1
a: Renounce Religion, Breathe Fire
}: 2/15 runes: decaying, serpentine


You were on level 5 of the Pits of Slime.
You worshipped Vehumet.
Vehumet was exalted by your worship.
You were not hungry.
You were a tree.
You visited 9 branches of the dungeon, and saw 48 of its levels.

You collected 4545 gold pieces.
You spent 3392 gold pieces at shops.

Inventory:

Hand Weapons
 I - a +2 great mace of protection
Missiles
 a - 2 throwing nets (quivered)
Armour
 e - a +1 robe of the Archmagi (melded)
 x - a +2 cloak (melded)
 B - a +2 pair of boots (melded)
 E - the +1 pair of gloves "Modown" (melded) {rPois Dex+2}
   (You bought it in a shop on level 4 of the Orcish Mines)

   It affects your dexterity (+2).
   It protects you from poison.
 L - a +2 helmet (melded)
Magical Staves
 P - an uncursed staff of cold (weapon)
Jewellery
 d - an amulet of resist corrosion (around neck)
 n - an uncursed amulet of the gourmand
 A - a +6 ring of intelligence (left branch)
 N - a ring of magical power (right branch)
 O - an uncursed ring of see invisible
Wands
 c - a wand of fireball (7)
 l - a wand of paralysis (13)
 o - a wand of polymorph (3)
 C - a wand of cold (3)
 D - a wand of disintegration (4)
 J - a wand of enslavement (16)
 T - a wand of invisibility (4)
 Z - a wand of confusion (23)
Scrolls
 g - 8 scrolls of teleportation
 h - 4 scrolls of magic mapping
 i - 3 scrolls of identify
 p - 15 scrolls of remove curse
 s - 4 scrolls of enchant weapon
 u - a scroll of amnesia
 y - a scroll of blinking
 z - 3 scrolls of fear
 G - 3 scrolls of fog
 K - 8 scrolls of recharging
 Q - 3 scrolls of summoning
 U - a scroll of vulnerability
Potions
 f - 10 potions of curing
 k - 2 potions of resistance
 q - 8 potions of haste
 F - 2 potions of cancellation
 M - 4 potions of brilliance
 R - 4 potions of might
 S - 3 potions of flight
 X - a potion of magic
Books
 t - a book of Minor Magic

   Spells                             Type                      Level
   a - Magic Dart                     Conjuration                  1
   b - Blink                          Translocation                2
   c - Call Imp                       Summoning                    2
   d - Repel Missiles                 Charms/Air                   2
   e - Slow                           Hexes                        2
   f - Conjure Flame                  Conjuration/Fire             3
   g - Mephitic Cloud                 Conjuration/Poison/Air       3
Miscellaneous
 m - a lamp of fire
 w - a phial of floods
 H - a fan of gales
Comestibles
 j - 4 meat rations
 r - 3 royal jellies
 v - 4 fruits
 V - 18 beef jerkies
 Y - 2 slices of pizza


   Skills:
 - Level 6.6 Fighting
 - Level 13.5 Dodging
 - Level 14.0 Stealth
   Level 4.0 Shields
 * Level 26.9 Spellcasting
 - Level 18.1 Conjurations
 - Level 7.8 Charms
 - Level 3.2 Summonings
 - Level 19.3 Ice Magic
 - Level 3.4 Air Magic


You had 17 spell levels left.
You knew the following spells:

 Your Spells              Type           Power        Failure   Level  Hunger
a - Freeze                Ice            ####         0%          1    None
b - Throw Frost           Conj/Ice       ######       0%          2    None
c - Ozocubu's Armour      Chrm/Ice       ########     0%          3    None
d - Throw Icicle          Conj/Ice       ########     0%          4    None
e - Summon Ice Beast      Ice/Summ       ########     1%          4    None
f - Iskenderun's Battles  Conj/Chrm      #######.     1%          5    None
g - Lightning Bolt        Conj/Air       #######...   1%          5    None
h - Bolt of Cold          Conj/Ice       ########..   1%          6    None
i - Freezing Cloud        Conj/Ice/Air   ########..   1%          6    None
j - Condensation Shield   Ice            ########..   0%          4    None
k - Blink                 Tloc           N/A          1%          2    None
l - Glaciate              Conj/Ice       ########..   4%          9    #......
m - Bolt of Fire          Conj/Fire      ######....   1%          6    None


Dungeon Overview and Level Annotations

Branches:
Dungeon (15/15)            Temple (1/1) D:5            Lair (8/8) D:10
  Swamp (4/4) Lair:4        Snake (4/4) Lair:4        Slime (6/6) Lair:7
    Orc (4/4) D:11            Elf (2/3) Orc:4        Vaults (4/5) D:13
  Crypt (0/3) Vaults:3     Depths (0/5) D:15

Altars:
Ashenzari
Cheibriados
Dithmenos
Fedhas
Gozag
Kikubaaqudgha
Makhleb
Nemelex Xobeh
Okawaru
Qazlal
Ru
Sif Muna
Vehumet
Xom
Yredelemnul
Zin
The Shining One
Beogh

Shops:
D:5 %   D:7 ?   D:8 %=}:[   D:13 *   Orc:2 }   Orc:4 ![(   Elf:2 *   Snake:2 %
Vaults:1 :}}*   Vaults:2 (

Portals:
Trove: Vaults:2 (show slimy rune of Zot)

Annotations:
Snake:1 Nikola
Snake:2 1 exclusion
Slime:6 Royal Jelly
Orc:4 Nessos
Vaults:4 CollectiveS's ghost, adept MiBe


Innate Abilities, Weirdness & Mutations

((You are partially covered in yellow scales (AC +2).))
You can breathe flames.
((Your flesh is heat resistant.))
You are robust (+10% HP).


Message History

The azure jelly hits you.
* * * LOW HITPOINT WARNING * * *
The azure jelly freezes you! You resist.
* * * LOW HITPOINT WARNING * * *
The azure jelly hits you.
* * * LOW HITPOINT WARNING * * *
The azure jelly barely misses you.
There is a stone staircase leading up, spattered with blood here.
You turn into a tree.
Your +2 cloak melds into your body.
Your +2 helmet melds into your body.
The +1 pair of gloves "Modown" {rPois Dex+2} melds into your body.
Your +2 pair of boots melds into your body.
Your +1 robe of the Archmagi melds into your body.
You feel strangely numb.
Your roots penetrate the ground.
You block the slime creature's attack.
The slime creature hits you but does no damage. x2
You block the azure jelly's attack. The azure jelly hits you.
* * * LOW HITPOINT WARNING * * *
The azure jelly freezes you! You resist.
You die...

#.....#............#...#
......................##
#...#................##
##.##.................#
##...##..........##.....#
#####.#.####..........##.....
#.##....#..............##....
... #..........J....#.## ..#.
..# ##........JJ♣J...### ##
..###......#.#.J....##.## #
...#.....######....#....#.##
........## #.............##
.......## ##.............#
......#.# #........##..##
#........# ##.....#.#
##....#.## #.#.##...#
.....#...# #...## #....


You could see an acid blob, an azure jelly and 3 slime creatures.

Vanquished Creatures
  the Lernaean hydra (Swamp:4)
  A bone dragon (Vaults:3)
  A tentacled monstrosity (Swamp:1)
  9 acid blobs
  A sphinx (Vaults:1)
  2 thorn hunters
  A tengu reaver (Vaults:2)
  8 greater nagas
  6 azure jellies
  A fire giant (Vaults:1)
  7 vault wardens
  2 deep elf sorcerers
  An orc warlord (Orc:4)
  4 stone giants
  A very ugly thing (Swamp:3)
  3 ironheart preservers
  A salamander stormcaller (Vaults:2)
  Azrael (Orc:4)
  A deep elf annihilator (Elf:2)
  2 ettins
  2 deep elf death magi
  13 vault guards
  2 rakshasas
  4 death oozes
  Josephine (Snake:1)
  A deep elf high priest (Elf:1)
  8 yaktaur captains
  A great orb of eyes (Vaults:3)
  Fannar (Orc:1)
  An ice dragon (Vaults:3)
  9 centaur warriors
  14 naga warriors
  9 anacondas
  27 hydras
  9 death yaks
  3 ogre magi
  3 catoblepae
  A deep troll shaman (Vaults:2)
  A tengu warrior (D:14)
  7 alligators
  9 shock serpents
  23 naga sharpshooters
  5 spriggans
  A shock serpent (shapeshifter) (D:15)
  An orc high priest (Orc:4)
  Sonja (Lair:1)
  4 salamander mystics
  A fire crab (Lair:8)
  3 skeletal warriors (Vaults:1)
  20 deep elf knights
  A death drake (shapeshifter) (D:13)
  5 sea snakes (Snake:3)
  A spriggan druid (Swamp:4)
  A giant orange brain (D:15)
  7 naga ritualists
  4 deep trolls
  3 unseen horrors
  4 flayed ghosts
  13 swamp dragons
  2 shambling mangroves
  11 deep elf summoners
  A necromancer (Vaults:2)
  3 hornets
  7 hill giants
  3 wolf spiders
  10 mana vipers
  11 ironbrand convokers
  16 ugly things
  6 orc knights
  A wizard (Vaults:1)
  2 manticores
  15 harpies
  A wolf spider (shapeshifter) (D:13)
  A cyclops (shapeshifter) (D:15)
  14 deep elf conjurers
  3 cyclopes
  5 orc sorcerers
  6 griffons
  A hornet (shapeshifter) (Vaults:1)
  4 oklob plants (Lair:6)
  2 shining eyes
  16 naga magi
  53 black mambas
  22 salamanders
  6 vault sentinels
  An octopode (shapeshifter) (Vaults:1)
  5 guardian serpents
  31 elephants
  17 spiny frogs
  A centaur zombie (D:15)
  A torpor snail (Lair:6)
  An efreet (D:13)
  2 gargoyles (D:15)
  A spiny frog (shapeshifter) (Vaults:3)
  An eye of devastation (Slime:6)
  2 human zombies (Vaults:2)
  23 yaktaurs
  3 kobold demonologists
  A komodo dragon (shapeshifter) (D:13)
  A jumping spider (shapeshifter) (Elf:1)
  3 fire drakes
  A troll (D:10)
  A queen bee (D:11)
  A wind drake (shapeshifter) (Vaults:2)
  7 komodo dragons
  6 giant leeches
  8 polar bears (Lair:8)
  11 blink frogs
  12 deep elf priests
  18 bog bodies
  3 raiju (Lair:8)
  2 freezing wraiths
  A polar bear (shapeshifter) (D:15)
  A stone giant simulacrum (Vaults:2)
  A hornet zombie (D:15)
  A raiju (shapeshifter) (Vaults:2)
  5 boulder beetles
  61 slime creatures
  8 two-headed ogres
  A trapdoor spider (D:13)
  29 deep elf magi
  5 shadows
  3 wyverns
  5 wraiths
  A redback simulacrum (Vaults:2)
  A basilisk (shapeshifter) (D:15)
  20 yaks
  25 deep elf fighters
  A yak (shapeshifter) (D:15)
  A golden eye (shapeshifter) (Elf:1)
  3 basilisks
  A hungry ghost (D:14)
  A steam dragon (D:15)
  2 fire elementals (Orc:4)
  23 wolves
  11 hippogriffs
  20 swamp worms
  30 vampire mosquitoes
  14 wargs
  3 insubstantial wisps (Swamp:4)
  A yaktaur simulacrum (Vaults:1)
  67 nagas
  3 mottled dragons
  2 soldier ants
  4 hell hounds
  47 orc warriors
  A hornet simulacrum (D:15)
  13 porcupines
  A wasp (shapeshifter) (Vaults:2)
  A necrophage (D:10)
  5 water moccasins
  6 eyes of draining
  2 ice beasts
  2 sky beasts
  11 black bears
  5 wasps
  18 ogres
  15 swamp drakes
  2 phantoms
  18 crocodiles
  22 centaurs
  14 boggarts
  22 giant frogs
  A gnoll sergeant (D:6)
  14 killer bees
  2 scorpions
  The ghost of Breadlance the Covered, a weakling MiFi of Makhleb (D:3)
  3 wights
  6 crimson imps
  16 hounds
  A wasp zombie (D:12)
  15 jellies
  4 electric eels (Lair:1)
  28 orc priests
  A human simulacrum (Vaults:2)
  3 centaur skeletons
  2 giant frog skeletons
  16 iguanas
  42 orc wizards
  14 sheep
  7 worker ants
  A hound zombie (D:7)
  4 hound skeletons
  A worker ant zombie (D:10)
  11 adders
  10 gnolls
  84 river rats
  4 shadow imps
  2 white imps (Vaults:1)
  2 oozes
  2 adder skeletons
  A worm (D:4)
  5 giant geckos
  235 orcs
  2 ball pythons (D:1)
  5 bats
  6 goblins
  2 hobgoblins (D:2)
  13 jackals
  5 quokkas
  7 giant cockroaches
  7 giant newts
  A jackal skeleton (D:4)
  8 kobolds
  A quokka skeleton (D:5)
  9 rats
  9 fungi
  17 plants
1854 creatures vanquished.

Vanquished Creatures (collateral kills)
  Rupert (Snake:1)
  A thorn hunter (Swamp:4)
  Maud (Orc:2)
  The ghost of emiel the Unseen, a journeyman OpEn of Cheibriados (Snake:3)
  A hydra (D:11)
  3 naga warriors (Snake:2)
  An orc high priest (Elf:1)
  A shock serpent (Snake:2)
  The ghost of kaze the Shield-Bearer, a novice DsFi of Gozag (D:7)
  2 skeletal warriors (Vaults:1)
  A spriggan druid (Swamp:4)
  A deep elf summoner (Elf:1)
  A salamander mystic (Snake:3)
  A swamp dragon (Swamp:4)
  A salamander (Snake:2)
  3 ugly things (Swamp:4)
  A deep elf conjurer (Elf:1)
  3 black mambas
  A spiny frog (Lair:7)
  A naga mage (Snake:1)
  A tengu conjurer (D:10)
  Grinder (D:3)
  A giant leech (Swamp:1)
  A tarantella (Orc:2)
  A deep elf mage (Elf:1)
  A redback (Orc:2)
  A wraith (Vaults:1)
  5 yaks
  3 hippogriffs
  A vampire mosquito (Vaults:1)
  7 wolves
  A warg (Lair:8)
  5 insubstantial wisps
  6 nagas
  A swamp worm (Swamp:1)
  An orc warrior (D:7)
  A wasp (Swamp:1)
  3 phantoms
  4 black bears
  3 ice beasts
  4 ogres
  2 spiders (Orc:2)
  9 centaurs
  A crocodile (D:9)
  A big kobold (D:7)
  8 giant frogs
  A wyvern skeleton (D:14)
  4 scorpions
  25 killer bees
  6 wights
  2 orc priests
  A giant frog zombie (D:5)
  5 hounds
  4 centaur skeletons
  3 centaur zombies
  5 orc wizards
  2 giant frog skeletons
  Jessica (D:8)
  2 sheep (Lair:5)
  2 worker ants
  2 iguanas
  A worker ant zombie (D:6)
  17 river rats
  An adder (D:10)
  6 gnolls
  A shadow imp (D:7)
  2 adder skeletons
  2 giant geckos
  16 orcs
  4 jackals (Lair:8)
  2 quokkas
  A giant gecko zombie (D:5)
  4 kobolds (D:7)
  A quokka zombie (D:7)
  A fungus (Lair:8)
224 creatures vanquished.

Vanquished Creatures (others)
  A shadow wraith (Vaults:1)
  A shadow (D:14)
  7 blocks of ice (Slime:6)
  3 bushes (Lair:8)
  31 fungi
  35 plants
  9 toadstools (Lair:3)
87 creatures vanquished.

Grand Total: 2165 creatures vanquished

Notes
Turn   | Place    | Note
--------------------------------------------------------------
     0 | D:1      | manyhoops the Deep Elf Ice Elementalist began the quest for the Orb.
     0 | D:1      | Reached XP level 1. HP: 10/10 MP: 6/6
   191 | D:1      | Reached XP level 2. HP: 15/15 MP: 8/8
   530 | D:2      | Learned a level 2 spell: Throw Frost
   572 | D:2      | Reached skill level 4 in Ice Magic
   765 | D:2      | Reached XP level 3. HP: 19/19 MP: 1/10
   962 | D:1      | Learned a level 3 spell: Ozocubu's Armour
  1392 | D:2      | Found an ancient bone altar of Kikubaaqudgha.
  1393 | D:2      | Found an opulent altar of Gozag.
  1553 | D:2      | Reached XP level 4. HP: 24/24 MP: 7/12
  2063 | D:2      | Learned a level 4 spell: Throw Icicle
  2090 | D:3      | Found a shadowy altar of Dithmenos.
  2150 | D:3      | Noticed Grinder
  2263 | D:3      | Found a faded altar to an unknown god.
  2533 | D:3      | Noticed Breadlance's ghost (weakling MiFi)
  2651 | D:4      | Reached XP level 5. HP: 14/28 MP: 1/14
  2807 | D:4      | Noticed an ogre
  2883 | D:4      | Noticed an air elemental
  2885 | D:4      | Found a stormy altar of Qazlal.
  2888 | D:4      | Noticed a water elemental
  2888 | D:4      | Noticed a fire elemental
  3150 | D:4      | Reached XP level 6. HP: 32/32 MP: 6/15
  3850 | D:4      | Learned a level 4 spell: Summon Ice Beast
  3955 | D:4      | Reached skill level 5 in Conjurations
  4151 | D:4      | Noticed an ogre
  4155 | D:4      | Killed an ogre
  4155 | D:4      | Reached XP level 7. HP: 32/36 MP: 2/16
  4410 | D:4      | Killed an ogre
  4649 | D:5      | Entered Level 5 of the Dungeon
  4886 | D:5      | Reached skill level 5 in Spellcasting
  4963 | D:5      | Reached skill level 5 in Ice Magic
  5070 | D:5      | Found a staircase to the Ecumenical Temple.
  5074 | D:5      | Reached skill level 5 in Stealth
  5673 | D:3      | Killed Breadlance's ghost
  5901 | D:3      | Killed Grinder
  5901 | D:3      | Reached skill level 6 in Spellcasting
  6035 | D:5      | Found Fovorch's Food Emporium.
  6125 | D:5      | Reached XP level 8. HP: 41/41 MP: 7/19
  6383 | Temple   | Entered the Ecumenical Temple
  6417 | Temple   | Became a worshipper of Vehumet
  7269 | D:6      | Reached skill level 7 in Spellcasting
  7992 | D:7      | Reached * piety under Vehumet
  7992 | D:7      | Offered knowledge of Sting by Vehumet.
  7992 | D:7      | Reached skill level 8 in Spellcasting
  8170 | D:7      | Reached skill level 1 in Fighting
  8448 | D:7      | Found a basalt altar of Yredelemnul.
  8450 | D:7      | Noticed a profane servitor
  8457 | D:7      | Found a glowing golden altar of the Shining One.
  8459 | D:7      | Noticed an angel
  8539 | D:7      | Found Eclo's Magic Scroll Emporium.
  8548 | D:7      | Bought a scroll of identify for 20 gold pieces
  8548 | D:7      | Bought a scroll of identify for 20 gold pieces
  8548 | D:7      | Bought a scroll of identify for 20 gold pieces
  8548 | D:7      | Bought a scroll of identify for 20 gold pieces
  8548 | D:7      | Bought a scroll of remove curse for 30 gold pieces
  8552 | D:7      | Bought a scroll of enchant weapon for 75 gold pieces
  8800 | D:7      | Noticed kaze's ghost (novice DsFi)
  9045 | D:7      | Reached XP level 9. HP: 35/51 MP: 11/23
  9258 | D:7      | Killed kaze's ghost
  9713 | D:7      | Reached skill level 5 in Fighting
 10230 | D:8      | Found Zuxuet's Food Shoppe.
 10868 | D:8      | Learned a level 5 spell: Iskenderun's Battlesphere
 10932 | D:8      | Offered knowledge of Shock by Vehumet.
 10980 | D:8      | Found Hiaty's Book Shop.
 11005 | D:8      | Reached ** piety under Vehumet
 11034 | D:8      | Reached skill level 5 in Charms
 11341 | D:8      | Found a sparkling altar of Nemelex Xobeh.
 11341 | D:8      | Noticed Jessica
 11344 | D:8      | Killed Jessica
 11489 | D:8      | Found Ceiparuf's Armour Boutique.
 11529 | D:8      | Found Orur's Gadget Shop.
 11533 | D:8      | Found Tiurph's Jewellery Shop.
 11912 | D:9      | Found a blossoming altar of Fedhas.
 11912 | D:9      | Found a shattered altar of Ashenzari.
 12263 | D:9      | Reached XP level 10. HP: 60/60 MP: 21/24
 12628 | D:9      | Reached skill level 1 in Shields
 13006 | D:9      | Offered knowledge of Throw Flame by Vehumet.
 13513 | D:10     | Entered Level 10 of the Dungeon
 13772 | D:10     | Reached *** piety under Vehumet
 13810 | D:10     | Noticed a hill giant
 13834 | D:10     | Killed a hill giant
 13834 | D:10     | Reached skill level 9 in Spellcasting
 14203 | D:10     | Reached skill level 10 in Spellcasting
 14501 | D:10     | Noticed an unseen horror
 14504 | D:10     | Killed an unseen horror
 14504 | D:10     | Reached skill level 11 in Spellcasting
 14560 | D:10     | Reached skill level 12 in Spellcasting
 14693 | D:10     | Offered knowledge of Force Lance by Vehumet.
 14913 | D:10     | Found a staircase to the Lair.
 14964 | Lair:1   | Entered Level 1 of the Lair of Beasts
 14970 | Lair:1   | Reached XP level 11. HP: 64/64 MP: 29/29
 15006 | Lair:1   | Noticed a black mamba
 15017 | Lair:1   | Killed a black mamba
 15225 | Lair:1   | Reached skill level 13 in Spellcasting
 15335 | Lair:1   | Noticed a black mamba
 15342 | Lair:1   | Killed a black mamba
 15546 | Lair:1   | Reached **** piety under Vehumet
 15711 | Lair:1   | Offered knowledge of Bolt of Magma by Vehumet.
 15711 | Lair:1   | Reached skill level 14 in Spellcasting
 16225 | Lair:1   | Learned a level 5 spell: Lightning Bolt
 16245 | Lair:1   | Noticed Sonja
 16262 | Lair:1   | Killed Sonja
 16262 | Lair:1   | Reached skill level 15 in Spellcasting
 16994 | D:11     | Noticed a hill giant
 16997 | D:11     | Killed a hill giant
 17001 | D:11     | Noticed a hill giant
 17004 | D:11     | Killed a hill giant
 17599 | D:11     | Reached ***** piety under Vehumet
 17605 | D:11     | Offered knowledge of Bolt of Cold by Vehumet.
 17726 | D:11     | Reached skill level 10 in Stealth
 17726 | D:11     | Reached XP level 12. HP: 63/70 MP: 18/33
 18035 | D:11     | Noticed a five-headed hydra
 18057 | D:11     | Killed a five-headed hydra
 18223 | D:11     | Found a staircase to the Orcish Mines.
 18417 | Orc:1    | Entered Level 1 of the Orcish Mines
 18423 | Orc:1    | You fall through a shaft!
 19342 | Orc:1    | Noticed Fannar
 19364 | Orc:1    | Killed Fannar
 19604 | Orc:2    | Found Osiuruv's Quality Used Wands.
 19633 | Orc:2    | Noticed Maud
 19646 | Orc:2    | Killed Maud
 19804 | Orc:2    | Learned a level 6 spell: Bolt of Cold
 19835 | Orc:2    | Offered knowledge of Orb of Destruction by Vehumet.
 20409 | Orc:3    | Found a roughly hewn altar of Beogh.
 21262 | Orc:3    | Offered knowledge of Freezing Cloud by Vehumet.
 21270 | Orc:3    | Learned a level 6 spell: Freezing Cloud
 21617 | Orc:4    | Entered Level 4 of the Orcish Mines
 21617 | Orc:4    | Noticed Nessos
 21664 | Orc:4    | Reached skill level 1 in Air Magic
 21666 | Orc:4    | Noticed Azrael
 21671 | Orc:4    | Killed Azrael
 22278 | Orc:4    | Found a roughly hewn altar of Beogh.
 22289 | Orc:4    | Found a staircase to the Elven Halls.
 22294 | Orc:4    | Reached skill level 16 in Spellcasting
 23115 | Orc:4    | Found a roughly hewn altar of Beogh.
 23378 | Orc:4    | Found a roughly hewn altar of Beogh.
 23388 | Orc:4    | Found Vema's Distillery.
 23420 | Orc:4    | Bought a potion of beneficial mutation for 595 gold pieces
 23420 | Orc:4    | Gained mutation: You are partially covered in yellow scales (AC +2). [potion of beneficial mutation]
 23506 | Orc:4    | Noticed an ettin
 23510 | Orc:4    | Killed an ettin
 23510 | Orc:4    | Reached XP level 13. HP: 74/74 MP: 15/35
 23832 | Orc:4    | Noticed an orc warlord
 23839 | Orc:4    | Killed an orc warlord
 23842 | Orc:4    | Reached skill level 17 in Spellcasting
 24041 | Orc:4    | Offered knowledge of Conjure Ball Lightning by Vehumet.
 24198 | Orc:4    | Found Nujuhogh's Antique Weapon Shoppe.
 24199 | Orc:4    | Found a roughly hewn altar of Beogh.
 24206 | Orc:4    | Found Pigy's Antique Armour Emporium.
 24233 | Orc:4    | Bought a shiny buckler for 108 gold pieces
 24258 | Orc:4    | Bought a pair of dazzling gloves for 228 gold pieces
 24264 | Orc:4    | Identified the +1 pair of gloves "Modown" {rPois Dex+2} (You bought it in a shop on level 4 of the Orcish Mines)
 24319 | Orc:4    | Found a roughly hewn altar of Beogh.
 24438 | Orc:4    | Found a roughly hewn altar of Beogh.
 24445 | Orc:4    | Found Fajarr's Armour Emporium.
 25372 | D:12     | Reached skill level 5 in Dodging
 26782 | D:13     | Reached skill level 10 in Dodging
 27371 | Orc:4    | Bought a potion of beneficial mutation for 595 gold pieces
 27371 | Orc:4    | Bought a potion of beneficial mutation for 595 gold pieces
 27373 | Orc:4    | Gained mutation: You can breathe flames. [potion of beneficial mutation]
 27374 | Orc:4    | Gained mutation: Your flesh is heat resistant. [potion of beneficial mutation]
 27765 | D:10     | Learned a level 4 spell: Condensation Shield
 27808 | Lair:2   | Offered knowledge of Ozocubu's Refrigeration by Vehumet.
 28313 | Lair:3   | Got a warped hat
 28324 | Lair:3   | Identified the cursed +0 hat "Sefa" {-Cast rPois rF++ Regen+} (You found it on level 3 of the Lair of Beasts)
 28745 | Lair:3   | Reached skill level 18 in Spellcasting
 28964 | Lair:3   | Reached XP level 14. HP: 80/80 MP: 20/38
 30124 | Lair:4   | Found a staircase to the Snake Pit.
 30519 | Lair:4   | Found a staircase to the Swamp.
 30730 | Lair:4   | Reached skill level 19 in Spellcasting
 31443 | Lair:4   | Reached ****** piety under Vehumet
 32127 | Lair:4   | Reached skill level 20 in Spellcasting
 32346 | Swamp:1  | Entered Level 1 of the Swamp
 32492 | Swamp:1  | Noticed a thorn hunter
 32494 | Swamp:1  | Killed a thorn hunter
 33227 | Swamp:1  | Noticed a tentacled monstrosity
 33246 | Swamp:1  | Killed a tentacled monstrosity
 34329 | Swamp:2  | Reached skill level 10 in Ice Magic
 34389 | Swamp:2  | Gained mutation: You are robust (+10% HP). [potion of beneficial mutation]
 34749 | Lair:4   | Reached XP level 15. HP: 73/93 MP: 12/41
 36042 | Swamp:4  | Entered Level 4 of the Swamp
 37418 | Swamp:3  | Offered knowledge of Poison Arrow by Vehumet.
 37422 | Swamp:3  | Learned a level 2 spell: Blink
 38919 | Swamp:3  | Reached skill level 21 in Spellcasting
 39118 | Swamp:4  | Noticed the 27-headed Lernaean hydra
 39921 | Swamp:4  | Noticed a thorn hunter
 40100 | Swamp:4  | Killed a thorn hunter
 40299 | Swamp:4  | Killed the 27-headed Lernaean hydra
 40299 | Swamp:4  | Reached XP level 16. HP: 99/99 MP: 19/43
 40483 | Swamp:4  | Reached skill level 22 in Spellcasting
 40831 | Swamp:4  | Got a decaying rune of Zot
 40842 | Swamp:4  | Gained mutation: You can breathe fire. [potion of mutation]
 40842 | Swamp:4  | Lost mutation: You can breathe fire. [potion of mutation]
 40842 | Swamp:4  | Lost mutation: You are robust (+10% HP). [potion of mutation]
 41855 | D:8      | Bought a +1 robe of the Archmagi for 425 gold pieces
 42105 | Snake:1  | Entered Level 1 of the Snake Pit
 42293 | Snake:1  | Noticed Rupert
 42315 | Snake:1  | Noticed Josephine
 42328 | Snake:1  | Killed Josephine
 42653 | Snake:1  | Killed Rupert
 42767 | Snake:1  | Noticed Nikola
 42856 | Snake:1  | Offered knowledge of Iron Shot by Vehumet.
 43092 | Snake:1  | Reached skill level 23 in Spellcasting
 44301 | Snake:2  | Found Riygraf's Food Shop.
 44372 | Snake:2  | Reached skill level 24 in Spellcasting
 45022 | Snake:3  | Noticed emiel's ghost (journeyman OpEn)
 45226 | Snake:3  | Killed emiel's ghost
 45497 | Snake:3  | Offered knowledge of Fire Storm by Vehumet.
 45497 | Snake:3  | Offered knowledge of Glaciate by Vehumet.
 45497 | Snake:3  | Offered knowledge of Chain Lightning by Vehumet.
 45684 | Snake:3  | Reached XP level 17. HP: 95/95 MP: 32/47
 46492 | Snake:3  | Reached skill level 10 in Conjurations
 48504 | Snake:4  | Entered Level 4 of the Snake Pit
 50805 | Snake:4  | Reached XP level 18. HP: 100/100 MP: 6/48
 51535 | Snake:4  | Got a serpentine rune of Zot
 51998 | D:10     | Gained mutation: You are robust (+10% HP). [potion of beneficial mutation]
 52866 | Elf:1    | Entered Level 1 of the Elven Halls
 55451 | Elf:2    | Reached skill level 15 in Ice Magic
 55917 | Elf:2    | Found Daoqaqaiw's Elven Fire.
 56357 | Elf:2    | Found a huge runed gate.
 56357 | Elf:2    | Found a huge runed gate.
 56360 | Elf:2    | Found a huge runed gate.
 56888 | D:13     | Reached skill level 15 in Conjurations
 57392 | D:13     | Found Ohaipime's Assorted Antiques.
 57408 | D:13     | Bought a forked brass wand for 140 gold pieces
 57408 | D:13     | Bought a fuming black potion for 31 gold pieces
 57408 | D:13     | Bought a scroll of identify for 70 gold pieces
 57461 | D:13     | Found a gate to the Vaults.
 58270 | D:14     | Lost strength.
 58762 | D:15     | Entered Level 15 of the Dungeon
 58935 | D:15     | Found a staircase to the Depths.
 59170 | D:15     | Reached XP level 19. HP: 112/112 MP: 36/49
 60156 | Vaults:1 | Entered Level 1 of the Vaults
 60493 | D:12     | Learned a level 9 spell: Glaciate
 60564 | Vaults:1 | Found Reol's Gadget Shoppe.
 60951 | Vaults:1 | Found Yceat's General Store.
 60954 | Vaults:1 | Found Ryhawiast's Gadget Boutique.
 61242 | Vaults:1 | Found Holut's Book Emporium.
 61312 | Vaults:1 | Got an ichor-stained triple crossbow
 61319 | Vaults:1 | Identified the +7 triple crossbow of Linearity {venom, rF- Str+7 Dex+3} (You found it on level 1 of the Vaults)
 63403 | D:10     | Learned a level 6 spell: Bolt of Fire
 63695 | D:8      | Bought an uncursed amulet of the gourmand for 420 gold pieces
 64458 | Vaults:2 | Found Mutism's Weapon Emporium.
 65319 | Vaults:2 | Found a portal to a secret trove of treasure.
 65891 | Vaults:3 | Reached XP level 20. HP: 90/117 MP: 14/50
 66422 | Vaults:3 | Noticed a bone dragon
 66466 | Vaults:3 | Killed a bone dragon
 66797 | Vaults:3 | Found a staircase to the Crypt.
 68433 | Vaults:4 | Noticed CollectiveS's ghost (adept MiBe)
 69073 | Lair:5   | Reached skill level 25 in Spellcasting
 69073 | Lair:5   | Reached XP level 21. HP: 122/122 MP: 52/52
 70939 | Lair:7   | Found a staircase to the Slime Pits.
 71530 | Lair:8   | Entered Level 8 of the Lair of Beasts
 73557 | Slime:1  | Entered Level 1 of the Pits of Slime
 73859 | Slime:2  | Reached skill level 26 in Spellcasting
 74600 | Slime:6  | Entered Level 6 of the Pits of Slime
 74620 | Slime:5  | Reached XP level 22. HP: 128/128 MP: 1/54
 74926 | Slime:6  | Noticed the royal jelly
 74958 | Slime:5  | HP: 8/192 [azure jelly[the royal jelly] (6)]
 74958 | Slime:5  | Mangled by an azure jelly

Action                   |  1- 3 |  4- 6 |  7- 9 | 10-12 | 13-15 | 16-18 | 19-21 | 22-24 || total
-------------------------+-------+-------+-------+-------+-------+-------+-------+-------++-------
Melee: Spear             |    30 |    23 |    30 |       |       |       |       |       ||    83
       Staff             |       |       |    40 |    32 |    44 |    34 |    78 |       ||   228
 Cast: Freeze            |    12 |    69 |    28 |    23 |    15 |       |       |       ||   147
       Throw Frost       |    20 |    67 |    62 |   356 |   206 |   122 |    78 |       ||   911
       Ozocubu's Armour  |     1 |     9 |    19 |    38 |    91 |   111 |   120 |     2 ||   391
       Summon Ice Beast  |       |       |   117 |    95 |    19 |    70 |    51 |       ||   352
       Throw Icicle      |       |       |    45 |   114 |   168 |    32 |    38 |       ||   397
       Iskenderun's Batt |       |       |       |   110 |    91 |    65 |    11 |       ||   277
       Lightning Bolt    |       |       |       |    38 |    77 |   140 |   178 |     5 ||   438
       Bolt of Cold      |       |       |       |    12 |   169 |   395 |   312 |    10 ||   898
       Freezing Cloud    |       |       |       |     5 |    30 |    50 |    30 |       ||   115
       Condensation Shie |       |       |       |       |    39 |    16 |    82 |     2 ||   139
       Blink             |       |       |       |       |     1 |     2 |     1 |       ||     4
       Bolt of Fire      |       |       |       |       |       |       |   116 |     5 ||   121
       Glaciate          |       |       |       |       |       |       |     1 |     4 ||     5
Evoke: Wand              |       |       |       |     1 |     8 |     1 |       |       ||    10
       Phial of floods   |       |       |       |       |     1 |       |       |       ||     1
  Use: Scroll            |       |     2 |    16 |     4 |    14 |     9 |    13 |     1 ||    59
       Potion            |       |     2 |       |     3 |     9 |     6 |     1 |     1 ||    22
 Stab: Sleeping          |     3 |     1 |     2 |       |       |       |       |       ||     6
       Distracted        |       |       |     1 |       |       |       |     1 |       ||     2
  Eat: Chunk             |     2 |     7 |     6 |    21 |    17 |     9 |    52 |       ||   114
       Beef jerky        |       |     1 |       |       |     4 |       |       |       ||     5
       Bread ration      |       |       |     5 |       |     3 |     1 |     1 |       ||    10
       Fruit             |       |       |       |     2 |     1 |     1 |       |       ||     4
       Meat ration       |       |       |       |     2 |       |     6 |       |       ||     8
       Pizza             |       |       |       |     2 |       |       |     1 |       ||     3
       Royal jelly       |       |       |       |     1 |     7 |     6 |     2 |       ||    16
